 Dungeon Crawl Stone Soup version 0.17-a0-957-ga3519be (webtiles) character file.

21275 laxity the Arsonist (level 12, -4/70 HPs)
             Began as a Deep Elf Fire Elementalist on May 7, 2015.
             Was a High Priest of Vehumet.
             Killed from afar by an ice statue (16 damage)
             ... with a shard of ice
             ... in an ice cave.
             The game lasted 00:54:45 (19132 turns).

laxity the Arsonist (Deep Elf Fire Elementalist)   Turns: 19132, Time: 00:54:45

Health: -4/70      AC:  9    Str:  5    XL:     12   Next: 52%
Magic:  9/28       EV: 20    Int: 29    God:    Vehumet [*****.]
Gold:   610        SH:  0    Dex: 18    Spells: 7 memorised, 9 levels left

rFire  + + .     SeeInvis +     L - +8 dagger "Boobbim" {flame, Int+3 Dex+3 SInv}
rCold  + . .     Clarity  .     a - +0 robe
rNeg   + . .     SustAb   .     (no shield)
rPois  +         Gourm    .     O - +1 hat
rElec  +         Spirit   .     J - +0 cloak {MR+}
rCorr  +         Warding  +     A - +1 pair of gloves
rMut   .         Stasis   .     y - +2 pair of boots
MR     ++...                    b - amulet of warding
Stlth  ++........               K - ring of fire
                                t - ring of protection from cold

@: resistant, very resistant to hostile enchantments, unstealthy
A: MP-powered wands
a: Renounce Religion


You were in an ice cave.
You worshipped Vehumet.
Vehumet was extremely pleased with you.
You were not hungry.

You visited 3 branches of the dungeon, and saw 14 of its levels.
You also visited: Ice Cave.

You collected 882 gold pieces.
You spent 272 gold pieces at shops.

Inventory:

Hand weapons
 L - the +8 dagger "Boobbim" (weapon) {flame, Int+3 Dex+3 SInv}
   (You found it on level 6 of the Dungeon)

   It has been specially enchanted to burn those struck by it, causing extra
   injury to most foes and up to half again as much damage against particularly
   susceptible opponents.
   It affects your intelligence (+3).
   It affects your dexterity (+3).
   It enhances your eyesight.
Armour
 a - a +0 robe (worn)
 y - a +2 pair of boots (worn)
 A - a +1 pair of gloves (worn)
 J - a +0 cloak of magic resistance (worn)
 O - a +1 hat (worn)
Jewellery
 b - an amulet of warding (around neck)
 t - a ring of protection from cold (left hand)
 x - an uncursed ring of flight
 K - a ring of fire (right hand)
Magical devices
 i - a wand of paralysis (13)
 n - a wand of fireball (11)
Scrolls
 e - a scroll of acquirement
 h - 4 scrolls of fear
 l - 4 scrolls of remove curse
 m - 3 scrolls of identify
 o - 8 scrolls of teleportation
Potions
 d - 3 potions of haste
 k - 4 potions of brilliance
 v - 5 potions of curing
 w - a potion of agility
 B - a potion of flight
 H - 4 potions of magic
 N - a potion of heal wounds
Comestibles
 c - 5 bread rations
 j - 7 fruits
 q - 4 meat rations
 U - 12 royal jellies


   Skills:
 + Level 6.2 Fighting
 - Level 8.0 Short Blades
 * Level 4.0 Armour
 - Level 10.0 Dodging
 - Level 2.4 Stealth
 - Level 10.0 Spellcasting
 - Level 8.0 Conjurations
 + Level 10.5 Fire Magic
 + Level 5.6 Air Magic
 + Level 4.2 Evocations


You had 9 spell levels left.
You knew the following spells:

 Your Spells              Type           Power        Failure   Level  Hunger
a - Flame Tongue          Conj/Fire      #####        1%          1    None
b - Throw Flame           Conj/Fire      ######       1%          2    None
c - Conjure Flame         Conj/Fire      #######.     1%          3    None
d - Sticky Flame          Conj/Fire      #######.     1%          4    None
e - Fireball              Conj/Fire      #######...   1%          5    ###....
f - Mephitic Cloud        Conj/Pois/Air  #####...     1%          3    None
g - Iskenderun's Mystic   Conj           ######..     1%          4    None


Dungeon Overview and Level Annotations

Branches:
Dungeon (10/15)            Temple (1/1) D:5            Lair (3/8) D:10
    Orc (0/4) D:9
  Swamp: Lair:3-6    Shoals: Lair:3-6     Snake: Lair:3-6    Spider: Lair:3-6

Altars:
Ashenzari
Cheibriados
Dithmenos
Elyvilon
Fedhas
Gozag
Kikubaaqudgha
Makhleb
Nemelex Xobeh
Okawaru
Qazlal
Ru
Sif Muna
Trog
Vehumet
Xom
Yredelemnul
Zin
The Shining One

Shops:
D:5 ?!!:?   D:6 *

Annotations:
IceCv exclusion: ice statue


Innate Abilities, Weirdness & Mutations

You expend magic power (3 MP) to strengthen your wands.


Message History

Drink which item? (? for menu, Esc to quit)
You feel much better.
You are engulfed in freezing vapours.
* * * LOW HITPOINT WARNING * * *
Casting: Fireball
Confirm with . or Enter, or press ? or * to list all spells.
Okay, then.
Unknown command.
Read which item? (? for menu, Esc to quit)
Okay, then.
Unknown command.
Drink which item? (? for menu, Esc to quit)
You feel protected.
You are engulfed in freezing vapours.
You resist.
* * * LOW HITPOINT WARNING * * *
The ice statue glitters chillingly in the dim dungeon light.
You are engulfed in freezing vapours.
You resist.
* * * LOW HITPOINT WARNING * * *
The ice statue throws ice at you. The shard of ice hits you!
You partially resist.
You die...

##...####
........##
.........##
..........##
8..8....§..#
.?.....§§..#
).$...§§§∩.#
.(....§.§..#
8......@...#
..........##
.........##
........##
##...####
####


You could see an ice statue.

Vanquished Creatures
  Erolcha (D:10)
  A hydra (Lair:1)
  Sonja (Lair:2)
  An ice statue (IceCv)
  2 hill giants (D:10)
  Joseph (D:10)
  3 spiny frogs
  2 centaur skeletons (D:10)
  3 komodo dragons
  A queen bee (D:10)
  Grinder (D:3)
  A two-headed ogre (D:9)
  5 blink frogs (Lair:1)
  A deep elf mage (D:9)
  4 wyverns
  A deep elf fighter (D:10)
  2 basilisks (Lair:2)
  Eustachio (D:6)
  The ghost of namelastname112 the Shooter, an average DrAM of Qazlal (D:3)
  9 yaks
  2 hippogriffs (Lair:2)
  Grum (Lair:1)
  A soldier ant (D:10)
  8 wolves (Lair:1)
  5 black bears
  4 water moccasins
  2 porcupines (Lair:1)
  5 orc warriors
  A phantom (D:5)
  A wasp (Lair:2)
  13 ice beasts
  6 centaurs
  3 ogres
  2 sky beasts
  A necrophage (D:8)
  3 crocodiles
  7 big kobolds (D:8)
  A gnoll sergeant (D:7)
  6 giant frogs
  4 scorpions
  A water moccasin skeleton (D:9)
  48 killer bees
  8 wights
  A quasit (D:7)
  A giant frog zombie (D:8)
  2 jellies
  3 hounds
  A giant frog skeleton (D:7)
  8 orc priests
  Ijyb (D:3)
  17 orc wizards
  8 iguanas
  8 worker ants
  8 adders
  36 river rats
  10 gnolls
  A shadow imp (D:7)
  4 oozes
  2 adder skeletons
  3 worms
  68 orcs
  A ball python (D:8)
  2 bat skeletons
  A bat zombie (D:5)
  A giant cockroach (D:4)
  18 hobgoblins
  4 jackals
  23 bats
  2 giant geckos
  2 giant gecko zombies (D:2)
  6 giant newts
  11 goblins
  A jackal skeleton (D:8)
  22 kobolds
  6 quokkas
  23 rats
480 creatures vanquished.

Vanquished Creatures (others)
  5 fungi
5 creatures vanquished.

Grand Total: 485 creatures vanquished

Notes
Turn   | Place    | Note
--------------------------------------------------------------
     0 | D:1      | laxity, the Deep Elf Fire Elementalist, began the quest for the Orb.
     0 | D:1      | Reached XP level 1. HP: 10/10 MP: 6/6
   138 | D:1      | Reached XP level 2. HP: 15/15 MP: 4/8
   220 | D:1      | Learned a level 2 spell: Throw Flame
   510 | D:2      | Reached XP level 3. HP: 15/19 MP: 7/10
   517 | D:2      | Reached skill level 4 in Spellcasting
   746 | D:2      | Learned a level 3 spell: Conjure Flame
  1075 | D:2      | Reached XP level 4. HP: 18/24 MP: 7/12
  1116 | D:2      | Learned a level 4 spell: Sticky Flame
  1567 | D:3      | Noticed namelastname112's ghost (average DrAM)
  1575 | D:3      | Killed namelastname112's ghost
  1575 | D:3      | Reached skill level 5 in Spellcasting
  1575 | D:3      | Reached XP level 5. HP: 28/28 MP: 3/14
  1707 | D:3      | Reached skill level 5 in Fire Magic
  1721 | D:3      | Noticed Grinder
  1732 | D:3      | Killed Grinder
  1732 | D:3      | Reached skill level 6 in Spellcasting
  1732 | D:3      | Reached XP level 6. HP: 32/32 MP: 6/17
  2299 | D:3      | Noticed Ijyb
  2304 | D:3      | Killed Ijyb
  2694 | D:4      | Found a blossoming altar of Fedhas.
  3113 | D:4      | Reached XP level 7. HP: 36/36 MP: 13/18
  3206 | D:4      | Learned a level 5 spell: Fireball
  3237 | D:5      | Entered Level 5 of the Dungeon
  3297 | D:5      | Reached skill level 7 in Spellcasting
  3297 | D:5      | Reached skill level 5 in Conjurations
  3473 | D:5      | Found Kiakoyra's Distillery.
  3497 | D:5      | Bought a potion of degeneration for 11 gold pieces
  3497 | D:5      | Bought a potion of mutation for 27 gold pieces
  3497 | D:5      | Bought a potion of lignification for 33 gold pieces
  3497 | D:5      | Bought a potion of curing for 33 gold pieces
  3497 | D:5      | Bought a potion of magic for 88 gold pieces
  3511 | D:5      | Found Risiarurch's Magic Scroll Emporium.
  3519 | D:5      | Bought a scroll of identify for 22 gold pieces
  3693 | D:5      | Found Porr's Distillery.
  3704 | D:5      | Found Zoorroon's Book Emporium.
  4281 | D:5      | Found a staircase to the Ecumenical Temple.
  4397 | Temple   | Entered the Ecumenical Temple
  4604 | D:5      | Reached XP level 8. HP: 41/41 MP: 6/21
  4800 | D:5      | Reached skill level 8 in Spellcasting
  4948 | D:5      | Found a sparkling altar of Nemelex Xobeh.
  4968 | D:5      | Found Exzuc's Magic Scroll Shoppe.
  5316 | D:5      | Reached skill level 1 in Short Blades
  5519 | D:6      | Noticed Eustachio
  5527 | D:6      | Killed Eustachio
  5527 | D:6      | Reached skill level 1 in Fighting
  6177 | D:6      | Gained mutation: You expend magic power (3 MP) to strengthen your wands. [mutagenic meat]
  6272 | D:6      | Got a fine dagger
  6273 | D:6      | Identified the +8 dagger "Boobbim" {flame, Int+3 Dex+3 SInv} (You found it on level 6 of the Dungeon)
  6428 | D:6      | Found Oxalom's Assorted Antiques.
  6440 | D:6      | Bought a scroll labeled DAJUSHRU RIHOO for 29 gold pieces
  6440 | D:6      | Bought a scroll labeled OLOAQE WIEST for 29 gold pieces
  6968 | D:7      | Reached XP level 9. HP: 48/48 MP: 14/23
  6970 | D:7      | Reached skill level 9 in Spellcasting
  7139 | D:7      | Found a deep blue altar of Sif Muna.
  7153 | D:7      | Found a sacrificial altar of Ru.
  7165 | D:7      | Found an opulent altar of Gozag.
  7168 | D:7      | Found a radiant altar of Vehumet.
  7172 | D:7      | Became a worshipper of Vehumet
  7354 | D:7      | Found a shadowy altar of Dithmenos.
  7553 | D:7      | Reached skill level 5 in Dodging
  7593 | D:7      | Acquired Vehumet's first power
  7593 | D:7      | Offered knowledge of Magic Dart by Vehumet.
  9733 | D:8      | Reached XP level 10. HP: 54/54 MP: 20/25
  9982 | D:8      | Reached skill level 10 in Spellcasting
 10105 | D:8      | Offered knowledge of Sting by Vehumet.
 11186 | D:9      | Offered knowledge of Mephitic Cloud by Vehumet.
 11243 | D:9      | Learned a level 3 spell: Mephitic Cloud
 11322 | D:9      | Reached skill level 5 in Short Blades
 11656 | D:9      | Acquired Vehumet's second power
 11725 | D:9      | Found a staircase to the Orcish Mines.
 11752 | D:9      | Reached skill level 1 in Air Magic
 11761 | D:9      | Offered knowledge of Fulminant Prism by Vehumet.
 12355 | D:9      | Found a stormy altar of Qazlal.
 12378 | D:9      | Acquired Vehumet's third power
 12457 | D:9      | Found a stormy altar of Qazlal.
 12696 | D:10     | Entered Level 10 of the Dungeon
 12706 | D:10     | Offered knowledge of Iskenderun's Mystic Blast by Vehumet.
 12714 | D:10     | Learned a level 4 spell: Iskenderun's Mystic Blast
 13089 | D:10     | Reached XP level 11. HP: 51/60 MP: 20/27
 13470 | D:10     | Offered knowledge of Spellforged Servitor by Vehumet.
 13649 | D:10     | Noticed Joseph
 13652 | D:10     | Killed Joseph
 13797 | D:10     | Reached skill level 5 in Fighting
 13882 | D:10     | Found a shimmering altar of Xom.
 14054 | D:10     | Found a staircase to the Lair.
 14445 | D:10     | Noticed a hill giant
 14445 | D:10     | Noticed a hill giant
 14447 | D:10     | Killed a hill giant
 14448 | D:10     | Noticed Erolcha
 14450 | D:10     | Killed a hill giant
 14450 | D:10     | Reached skill level 10 in Fire Magic
 14647 | D:10     | Killed Erolcha
 14647 | D:10     | Reached skill level 1 in Armour
 14666 | D:10     | Reached skill level 1 in Evocations
 14834 | Lair:1   | Entered Level 1 of the Lair of Beasts
 14868 | Lair:1   | Noticed Grum
 14892 | Lair:1   | Killed Grum
 15203 | Lair:1   | Found a shimmering altar of Xom.
 15876 | Lair:1   | Reached XP level 12. HP: 65/67 MP: 10/28
 16635 | Lair:1   | Noticed a seven-headed hydra
 16639 | Lair:1   | Killed a seven-headed hydra
 16958 | Lair:2   | Reached skill level 5 in Air Magic
 17019 | Lair:2   | Noticed Sonja
 17021 | Lair:2   | Killed Sonja
 17568 | Lair:2   | Offered knowledge of Poison Arrow by Vehumet.
 18843 | Lair:3   | Found a frozen archway.
 18849 | IceCv    | Entered an ice cave
 19126 | IceCv    | Reached skill level 10 in Dodging
 19132 | IceCv    | Killed from afar by an ice statue

Action                   |  1- 3 |  4- 6 |  7- 9 | 10-12 || total
-------------------------+-------+-------+-------+-------++-------
Melee: Unarmed           |       |     3 |       |       ||     3
       Dagger            |       |       |    38 |    76 ||   114
 Cast: Flame Tongue      |    63 |    60 |   258 |   392 ||   773
       Throw Flame       |     1 |    24 |    66 |   193 ||   284
       Conjure Flame     |       |     3 |     5 |     8 ||    16
       Sticky Flame      |       |     1 |    17 |    51 ||    69
       Fireball          |       |       |    10 |    41 ||    51
       Mephitic Cloud    |       |       |       |     1 ||     1
  Use: Scroll            |       |       |    21 |     5 ||    26
       Potion            |       |       |     3 |     5 ||     8
  Eat: Chunk             |       |     7 |    22 |    28 ||    57
       Beef jerky        |       |       |     1 |     2 ||     3
       Pizza             |       |       |       |     2 ||     2
       Fruit             |       |       |       |     1 ||     1
